 Dungeon Crawl Stone Soup version 0.24-a0-464-g6b2be6b8c7 (webtiles) character file.

Game seed: 16959736464722377405

105 Bikalo the Ruffian (level 4, -5/45 HPs)
             Began as a Troll Monk on July 4, 2019.
             Asphyxiated
             ... on level 3 of the Dungeon.
             The game lasted 00:03:05 (1552 turns).

Bikalo the Ruffian (Troll Monk)                     Turns: 1552, Time: 00:03:07

Health: -5/45      AC:  7    Str: 19    XL:     4   Next: 54%
Magic:  12/12      EV: 11    Int: 11    God:
Gold:   82         SH:  0    Dex: 13    Spells: 3/3 levels left

rFire    . . .     SeeInvis .     - Unarmed
rCold    . . .     Gourm    +   (no shield)
rNeg     . . .     Faith    .   a - +0 robe
rPois    .         Spirit   .   (helmet restricted)
rElec    .         Reflect  .   (no cloak)
rCorr    .         Harm     .   (gloves unavailable)
MR       .....                  (boots unavailable)
Stlth    ++........             (no amulet)
HPRegen  0.55/turn              l - ring of magical power
MPRegen  0.13/turn              (no ring)

@: brilliant, lethally poisoned (-5 -> -31), slowed, very slow
A: large, unfitting armour, claws 3, blink, deterioration 1, fast metabolism 3,
gourmand, regeneration 1, shaggy fur 2, tough skin 3, MP-powered wands
a: Blink


You were on level 3 of the Dungeon.
You were completely stuffed.

You visited 1 branch of the dungeon, and saw 3 of its levels.

You collected 82 gold pieces.

Inventory:

Armour
 a - a +0 robe (worn)
Jewellery
 l - a ring of magical power (left claw)
Scrolls
 c - 4 scrolls of identify {unknown}
 d - a scroll of enchant weapon {unknown}
 e - 5 scrolls of remove curse {unknown}
 f - a scroll of noise {unknown}
 i - a scroll of teleportation {unknown}
 k - a scroll of fog {unknown}
Comestibles
 b - 4 rations
 j - 6 chunks of flesh


   Skills:
 + Level 3.0 Fighting
 + Level 3.0 Dodging
 - Level 1.0 Stealth
 * Level 4.3 Unarmed Combat


You had 3 spell levels left.
You didn't know any spells.
Your spell library was empty.

Dungeon Overview and Level Annotations

Branches:
Dungeon (3/15)

Altars:


Innate Abilities, Weirdness & Mutations

You are too large for most types of armour.
You have claws for hands.
Your metabolism is lightning-fast.
You like to eat raw meat.
Your natural rate of healing is unusually fast.
You are covered in thick fur. (AC +2)
You have extremely tough skin. (AC +3)
You can translocate small distances at will.
Your body sometimes deteriorates upon taking damage.
You expend magic power (3 MP) to strengthen your wands.


Message History

You are lethally poisoned!
You have difficulty breathing.
* * * LOW HITPOINT WARNING * * *
You feel as though you will be slow longer.
You see here 2 curare-tipped darts.
It was a potion of brilliance.
You feel clever all of a sudden.
* * * LOW HITPOINT WARNING * * *
You feel very sick.
It was a potion of mutation.
You feel extremely strange.
Your fur grows into a thick mane.
You feel your magical essence link to your wands.
You feel yourself wasting away.
You feel jittery.
* * * LOW HITPOINT WARNING * * *
You feel very sick.
The goblin shouts!
The kobold throws a curare-tipped dart.
The curare-tipped dart hits you.
You are more poisoned.
You have difficulty breathing.
You die...

####.##... #######.....#.
####....#..#.##..
#................ ###
####..#...##..#.. ....
##.###.###.... ..g..
#..##.####...
..K...########.##..).....
......!(@..........#)..).
......###########)......#
..... #...÷).... ....
#.......†. ...
#........).. ..
............# .
#...#......#..
...##.....##..
##.#......##..


You could see a goblin and a kobold.

Vanquished Creatures
  An orc wizard (D:3)
  An adder (D:2)
  An ooze (D:3)
  3 dart slugs
  2 leopard geckos (D:2)
  3 orcs (D:3)
  A ball python (D:3)
  4 giant cockroaches
  8 goblins
  4 hobgoblins
  6 jackals
  A quokka (D:2)
  3 bats
  A frilled lizard (D:1)
  8 kobolds
  6 rats
53 creatures vanquished.

Notes
Turn   | Place    | Note
-------+----------+-------------------------------------------
     0 | D:1      | Bikalo the Troll Monk began the quest for the Orb.
     0 | D:1      | Reached XP level 1. HP: 22/22 MP: 0/0
   276 | D:1      | Reached XP level 2. HP: 28/29 MP: 1/1
  1060 | D:2      | Reached XP level 3. HP: 27/36 MP: 2/2
  1367 | D:3      | Reached skill level 4 in Unarmed Combat
  1408 | D:3      | Reached XP level 4. HP: 36/44 MP: 3/3
  1552 | D:3      | Gained mutation: You are covered in thick fur. (AC +2)
                  | [potion of mutation]
  1552 | D:3      | Gained mutation: You expend magic power (3 MP) to
                  | strengthen your wands. [potion of mutation]
  1552 | D:3      | Gained mutation: Your body sometimes deteriorates upon
                  | taking damage. [potion of mutation]
  1552 | D:3      | Gained mutation: You can translocate small distances at
                  | will. [potion of mutation]
  1552 | D:3      | HP: 2/45 [poisoned by kobold (curare-tipped dart)]
  1552 | D:3      | Asphyxiated

Levels and vault maps discovered:
D:1:      lemuel_arrival_tunnels, layout_basic, chequers_big_river
D:2:      layout_rooms, minivault_24
D:3:      minmay_wonky_spiral, layout_rooms, first_ration

Skill      XL: |  1  2  3  4 |
---------------+-------------+-----
Unarmed Combat | 4 |  4.3
Fighting       | 3 |  3.0
Dodging        | 3 |  3.0
Stealth        | |  1.0

Action                   |  1- 3 |  4- 6 || total
-------------------------+-------+-------++-------
Melee: Unarmed           |   107 |    22 ||   129
       Punch             |     2 |       ||     2
  Use: Potion            |       |     2 ||     2
 Stab: Sleeping          |     3 |       ||     3
       Distracted        |     1 |       ||     1
  Eat: Chunk             |    11 |     2 ||    13
       Ration            |     2 |       ||     2
Armor: Robe              |    50 |     8 ||    58
Dodge: Dodged            |    74 |     6 ||    80

Table legend:
 A = Non-vault XP
 B = Vault XP
 C = Vault XP percentage of total XP
 D = Non-vault monster count
 E = Vault monster count
 F = Vault count percentage of total count
                 A         B        C        D         E       F
            +---------+---------+-------+---------+---------+-------
      Total |     151 |       0 |   0.0 |      53 |       0 |   0.0
            +---------+---------+-------+---------+---------+-------
        D:1 |      28 |       0 |   0.0 |      16 |       0 |   0.0
        D:2 |      48 |       0 |   0.0 |      18 |       0 |   0.0
        D:3 |      75 |       0 |   0.0 |      19 |       0 |   0.0
            +---------+---------+-------+---------+---------+-------
